 Dungeon Crawl Stone Soup version 0.26.1-11-gd32895ea62 (webtiles) character file.

Game seed: 6786721958098417843

6874 Almogavar the Destroyer (level 10, -5/78 HPs)
             Began as a Green Draconian Conjurer on May 15, 2021.
             Was a Priest of Okawaru.
             Slain by a stone giant (33 damage)
             ... in a volcano.
             The game lasted 00:52:15 (13220 turns).

Almogavar the Destroyer (Green Draconian Conjurer) Turns: 13220, Time: 00:52:16

Health: -5/78      AC:  8    Str: 10    XL:     10   Next: 78%
Magic:  9/23       EV: 33    Int: 21    God:    Okawaru [***...]
Gold:   822        SH:  0    Dex: 10    Spells: 19/28 levels left

rFire    + . .     SeeInvis .   G - +5 scimitar
rCold    . . .     Faith    .   (no shield)
rNeg     . . .     Spirit   .   (armour unavailable)
rPois    +         Reflect  .   (helmet restricted)
rElec    .         Harm     .   (no cloak)
rCorr    .         Rampage  .   (no gloves)
Will     .....                  c - +0 pair of boots
Stlth    +++.......             u - amulet of the acrobat
HPRegen  0.23/turn              q - ring of protection from fire
MPRegen  0.18/turn              p - +4 ring of evasion

@: short of breath, acrobat
A: breathe noxious fumes, unfitting armour, poison resistance, cold-blooded, AC
+7
a: Breathe Noxious Fumes, Renounce Religion, Heroism


You were in a volcano.
You worshipped Okawaru.
Okawaru was most pleased with you.
You visited 3 branches of the dungeon, and saw 11 of its levels.
You also visited: Volcano.

You collected 822 gold pieces.

Inventory:

Hand Weapons
 o - a +0 scimitar of flaming
 w - a +1 morningstar of holy wrath
 G - a +5 scimitar (weapon)
Armour
 c - a +0 pair of boots (worn)
Jewellery
 h - an uncursed amulet of guardian spirit
 k - an uncursed ring of flight
 p - a +4 ring of evasion (right hand)
 q - a ring of protection from fire (left hand)
 u - an amulet of the acrobat (around neck)
 y - an uncursed ring of see invisible
Wands
 C - a wand of iceblast (8)
Scrolls
 a - 2 scrolls of enchant armour
 b - 3 scrolls of teleportation
 i - 6 scrolls of remove curse
 l - 2 scrolls of blinking
 m - 6 scrolls of amnesia
 s - 3 scrolls of fog
 t - 2 scrolls of magic mapping
 x - a scroll of brand weapon {unknown}
 D - 2 scrolls of enchant weapon {unknown}
 E - a scroll of acquirement {unknown}
 F - 2 scrolls of fear {unknown}
Potions
 d - 4 potions of might
 e - a potion of attraction {unknown}
 f - 2 potions of heal wounds
 g - 2 potions of flight
 j - 3 potions of curing
 n - a potion of brilliance
 r - 3 potions of degeneration {unknown}
 v - 2 potions of berserk rage {unknown}
 z - a potion of haste {unknown}
 B - 2 potions of cancellation {unknown}


   Skills:
 + Level 3.7 Fighting
 + Level 3.2 Long Blades
 + Level 4.9 Dodging
 + Level 5.4 Stealth
 + Level 9.8 Spellcasting
 + Level 10.2 Conjurations


You had 19 spell levels left.
You knew the following spells:

 Your Spells              Type           Power        Failure   Level
a - Magic Dart            Conj           100%         1%          1
b - Searing Ray           Conj           100%         1%          2
c - Dazzling Flash        Conj/Hex       62%          2%          3
d - Mephitic Cloud        Conj/Pois/Air  24%          4%          3

Your spell library contained the following spells:

 Spells                   Type           Power        Failure   Level
 Conjure Flame            Conj/Fire      31%          2%          3
 Animate Skeleton         Necr           20%          7%          1
 Apportation              Tloc           20%          7%          1
 Beastly Appendage        Tmut           20%          7%          1
 Corona                   Hex            11%          7%          1
 Freeze                   Ice            40%          7%          1
 Pain                     Necr           40%          7%          1
 Summon Small Mammal      Summ           40%          7%          1
 Fulminant Prism          Conj/Hex       15%          8%          4
 Hailstorm                Conj/Ice       31%          8%          4
 Iskenderun's Mystic Bla  Conj/Tloc      31%          8%          4
 Call Imp                 Summ           10%          10%         2
 Poisonous Vapours        Pois/Air       20%          10%         2
 Slow                     Hex            10%          10%         2
 Wereblood                Tmut           10%          10%         2
 Call Canine Familiar     Summ           10%          21%         3
 Frozen Ramparts          Ice            20%          21%         3
 Inner Flame              Hex/Fire       10%          21%         3
 Ozocubu's Armour         Ice            10%          21%         3
 Portal Projectile        Hex/Tloc       20%          21%         3
 Spider Form              Tmut/Pois      5%           21%         3
 Summon Guardian Golem    Hex/Summ       10%          21%         3
 Vampiric Draining        Necr           5%           21%         3
 Animate Dead             Necr           5%           54%         4
 Cause Fear               Hex            5%           54%         4
 Ice Form                 Ice/Tmut       10%          54%         4
 Leda's Liquefaction      Hex/Erth       5%           54%         4
 Summon Ice Beast         Ice/Summ       10%          54%         4
 Summon Lightning Spire   Summ/Air       10%          54%         4
 Agony                    Necr           10%          88%         5
 Blade Hands              Tmut           5%           88%         5
 Freezing Cloud           Conj/Ice/Air   12%          94%         6


Dungeon Overview and Level Annotations

Branches:
Dungeon (9/15)             Temple (1/1) D:4            Lair (1/6) D:8
    Orc (0/2) D:9         Volcano (1/1)

Altars:
Dithmenos
Elyvilon
Gozag
Hepliaklqana
Nemelex Xobeh
Okawaru
Ru
Sif Muna
Trog
Uskayaw
Vehumet
Xom
The Shining One


Innate Abilities, Weirdness & Mutations

You can breathe blasts of noxious fumes.
Your lurid green scales are hard. (AC +7)
You cannot fit into any form of body armour.
Your system is resistant to poisons. (rPois)
You are cold-blooded and may be slowed by cold attacks.


Message History

You destroy the fire elemental!
Okawaru accepts your kill.
You finish channeling your searing ray.
Casting: Searing Ray (safe; 1% risk of failure)
Confirm with . or Enter, or press ? or * to list all spells.
Aiming: Searing Ray (safe; 1% risk of failure)
Press: ? - help, Shift-Dir - straight line, f/p - stone giant
Aim: a stone giant (severely wounded, 0% to evade)
The searing ray hits the stone giant but does no damage.
The stone giant is severely wounded. (Press . to maintain the ray.)
The stone giant hits you!!
The searing ray hits the stone giant!
The stone giant is severely wounded.
The stone giant completely misses you.
You riposte.
You hit the stone giant.
The stone giant is severely wounded.
The searing ray hits the stone giant.
The stone giant is severely wounded.
The stone giant hits you!!
You die...

####....§≈≈≈≈≈≈
#.....§≈§≈§≈≈≈≈ ○
#....≈≈≈≈≈§≈§≈≈ ≈≈
##....≈≈≈§§§≈≈≈ ≈≈≈
#....≈≈≈≈§§≈≈§§ ≈.)≈
###...§≈§§§≈≈≈≈ ..!!∩
###.....§§§§≈≈≈≈§
#[$)$.##..###....§...§..
#C@### ###.#.###.## ####
######.## ### #..#∩..##
###...#.# #......#
#≈§§..≈§≈# ##≈≈≈§§≈##
##§≈≈≈## #≈≈###


You could see a stone giant.

Vanquished Creatures
  A gargoyle (Volcano)
  2 cane toads (Lair:1)
  Maggie (D:6)
  An efreet (Volcano)
  3 komodo dragons (D:8)
  A troll (D:9)
  3 wyverns (D:8)
  4 fire elementals (Volcano)
  A water moccasin (Lair:1)
  Duvessa (D:7)
  An orc warrior (D:7)
  A swamp drake (D:8)
  A hornet zombie (D:9)
  2 sky beasts
  A necrophage (D:8)
  2 ogres
  2 centaurs
  A big kobold (D:7)
  An earth elemental (Volcano)
  3 bullfrogs
  A scorpion (D:9)
  Dowan (D:7)
  A water moccasin skeleton (D:4)
  6 killer bees (D:7)
  8 wights (D:7)
  2 vampire bats (Lair:1)
  A howler monkey (D:5)
  4 hounds
  A bullfrog zombie (D:9)
  A jelly (D:8)
  5 orc priests
  3 iguanas
  8 orc wizards
  A hell rat (D:6)
  8 worker ants
  2 hound skeletons (D:7)
  A howler monkey zombie (D:5)
  A worker ant zombie (D:6)
  A howler monkey skeleton (D:7)
  6 river rats (D:6)
  7 adders
  3 gnolls
  2 shadow imps
  2 white imps
  2 ufetubi
  An ooze (D:4)
  An adder skeleton (D:7)
  2 worms
  3 dart slugs
  5 leopard geckos
  33 orcs
  2 ball pythons
  5 giant cockroaches
  6 goblins
  7 hobgoblins
  7 jackals
  4 quokkas
  16 bats
  7 frilled lizards
  13 kobolds
  A leopard gecko skeleton (D:5)
  2 quokka skeletons
  21 rats
247 creatures vanquished.

Vanquished Creatures (others)
  A fungus (Lair:1)
  A plant (Lair:1)
2 creatures vanquished.

Grand Total: 249 creatures vanquished

Notes
Turn   | Place    | Note
-------+----------+-------------------------------------------
     0 | D:1      | Almogavar the Draconian Conjurer began the quest for the
                  | Orb.
     0 | D:1      | Reached XP level 1. HP: 14/14 MP: 3/3
   253 | D:1      | Reached XP level 2. HP: 13/20 MP: 1/5
   638 | D:1      | Learned a level 2 spell: Searing Ray
  1245 | D:1      | Reached XP level 3. HP: 24/26 MP: 3/6
  1370 | D:2      | Found a radiant altar of Vehumet.
  1914 | D:2      | Reached skill level 5 in Conjurations
  1975 | D:2      | Reached XP level 4. HP: 33/33 MP: 0/7
  2351 | D:3      | Found a sacrificial altar of Ru.
  2975 | D:3      | Reached XP level 5. HP: 39/39 MP: 4/9
  3097 | D:3      | Found a shimmering altar of Xom.
  3330 | D:3      | Found a glowing golden altar of the Shining One.
  3707 | D:4      | Noticed an ogre
  3853 | D:4      | Reached skill level 1 in Fighting
  3853 | D:4      | Reached XP level 6. HP: 47/47 MP: 3/10
  4110 | D:4      | Reached skill level 6 in Conjurations
  4459 | D:4      | Identified the +4 dagger "Dragonslayer" {antimagic, Int+3
                  | Dex-5 SInv Stlth+}
  4580 | D:4      | Your scales start taking on a lurid green colour.
  4580 | D:4      | Reached XP level 7. HP: 52/52 MP: 2/13
  4580 | D:4      | Gained mutation: Your system is resistant to poisons.
                  | (rPois) [Green Draconian growth]
  5136 | D:4      | Found a staircase to the Ecumenical Temple.
  5147 | Temple   | Entered the Ecumenical Temple
  5241 | Temple   | Became a worshipper of Warmaster Okawaru
  5283 | D:4      | Found a sparkling altar of Nemelex Xobeh.
  5731 | D:5      | Entered Level 5 of the Dungeon
  6155 | D:5      | Found a hazy altar of Hepliaklqana.
  6567 | D:5      | Reached skill level 5 in Spellcasting
  6777 | D:6      | Noticed Maggie
  6819 | D:6      | Killed Maggie
  6820 | D:6      | Reached skill level 7 in Conjurations
  6820 | D:6      | Reached XP level 8. HP: 56/61 MP: 0/16
  7157 | D:6      | Reached * piety under Okawaru
  7174 | D:6      | Found the +2 ratskin cloak {*Rats rPois rN+ Str-1 Int-1
                  | Dex+1}
  7415 | D:6      | Noticed a +0 dagger
  7419 | D:6      | Found a hide-covered altar of Uskayaw.
  7420 | D:6      | Noticed a +0 dagger
  8090 | D:7      | Noticed Dowan
  8093 | D:7      | Killed Dowan
  8095 | D:7      | Noticed Duvessa
  8103 | D:7      | Killed Duvessa
  8348 | D:7      | Reached skill level 8 in Conjurations
  8428 | D:7      | Reached ** piety under Okawaru
  8429 | D:7      | Reached XP level 9. HP: 39/67 MP: 1/19
  8586 | D:7      | Reached skill level 5 in Stealth
  8684 | D:7      | Found an opulent altar of Gozag.
  8961 | D:7      | Learned a level 3 spell: Dazzling Flash
  9726 | D:8      | Found a shadowy altar of Dithmenos.
  9816 | D:8      | Reached skill level 9 in Conjurations
 10581 | D:8      | Noticed a komodo dragon
 10589 | D:8      | Killed a komodo dragon
 10646 | D:8      | Noticed a komodo dragon
 10653 | D:8      | Killed a komodo dragon
 10653 | D:8      | Reached *** piety under Okawaru
 10789 | D:8      | Reached XP level 10. HP: 69/75 MP: 16/22
 10879 | D:8      | Found a staircase to the Lair.
 11492 | D:9      | Reached skill level 1 in Long Blades
 12042 | D:9      | Found a staircase to the Orcish Mines.
 12286 | D:9      | Learned a level 3 spell: Mephitic Cloud
 12445 | Lair:1   | Entered Level 1 of the Lair of Beasts
 12445 | Lair:1   | Noticed a cane toad
 12447 | Lair:1   | Noticed a cane toad
 12453 | Lair:1   | Killed a cane toad
 12458 | Lair:1   | Killed a cane toad
 12717 | Lair:1   | Found a dark tunnel.
 12811 | Volcano  | Entered a volcano
 12843 | Volcano  | Reached skill level 10 in Conjurations
 12902 | Volcano  | Noticed a gargoyle
 12910 | Volcano  | Killed a gargoyle
 13171 | Volcano  | Noticed a stone giant
 13220 | Volcano  | Slain by a stone giant

Illustrated notes

Levels and vault maps discovered:
D:1:      psy_arrival_basics, layout_rooms, minmay_hexomino_u4
D:2:      layout_rooms, fiery_altar_vehumet
D:3:      layout_basic, lemuel_round_altar, lemuel_crystal_altar,
          nicolae_ru_awakened_eye
D:4:      layout_cave_pools, lemuel_doored_altar, minmay_temple_entry_hall
D:5:      wad_crossroads, layout_gridville, nzn_hepliaklqana_mist_gate
D:6:      wander_guarded_unrand_ratskin, layout_basic, dancing_weapons_uskayaw,
          corexii_checkpoint_a, uniq_maggie
D:7:      layout_basic, small_statue_intersection,
          nicolae_gozag_cash_rules_everything_around_me, uniq_duvessa
D:8:      layout_basic, lemuel_round_altar, erik_lair_dragon, serial_rivers,
          chequers_serial_rivers_micro_c, chequers_serial_rivers_micro_c,
          chequers_serial_rivers_large_b, chequers_serial_rivers_room_b,
          chequers_serial_rivers_small_b
D:9:      layout_loops_corners, orc_david_3
Temple:   minmay_temple_curvy_branch
Lair:1:   layout_gridlike, lightli_volcano_entry_magma_tube, st_stairs_7,
          minmay_hedge_maze, roderic_batcave, chequers_serial_rivers_small_b,
          grunt_megastairs_1
Volcano:  volcano_pools

Skill      XL: |  1  2  3  4  5  6  7  8  9 10 |
---------------+-------------------------------+-----
Dodging        | 2 3 4 |  4.9
Stealth        | 2 3 4 5 |  5.4
Conjurations   | 5 6 7 8 9 10 | 10.2
Spellcasting   | 3 4 5 6 8 9 |  9.8
Fighting       | 1 2 3 |  3.7
Long Blades    | 3 |  3.2

Action                   |  1- 3 |  4- 6 |  7- 9 | 10-12 || total
-------------------------+-------+-------+-------+-------++-------
Melee: Mace              |    30 |    34 |       |       ||    64
       Tailslap          |     2 |     1 |     3 |     1 ||     7
       Morningstar       |       |       |    29 |       ||    29
       Scimitar          |       |       |       |    27 ||    27
 Cast: Magic Dart        |    59 |    93 |    93 |    37 ||   282
       Searing Ray       |     6 |    20 |    73 |    29 ||   128
 Abil: Breathe Noxious F |       |       |       |     1 ||     1
  Use: Scroll            |     2 |     2 |     8 |     2 ||    14
 Stab: Sleeping          |       |       |     5 |     1 ||     6
Armor: Skin              |    30 |    14 |     8 |    13 ||    65
Dodge: Dodged            |    51 |    57 |   102 |    65 ||   275
       Rpst.: Scimitar   |       |       |     3 |    13 ||    16
